 Dungeon Crawl Stone Soup version 0.19-a0-791-g6e182cc (webtiles) character file.

11046 packetloss the Spear-Bearer (level 11, -15/89 HPs)
             Began as a Merfolk Skald on June 24, 2016.
             Was a Believer of Nemelex Xobeh.
             Demolished by a komodo dragon (23 damage)
             ... on level 1 of the Lair of Beasts on June 26, 2016.
             The game lasted 01:28:53 (16455 turns).

packetloss the Spear-Bearer (Merfolk Skald)        Turns: 16455, Time: 01:28:54

Health: -15/89     AC:  9    Str: 12    XL:     11   Next: 71%
Magic:  19/19      EV: 16    Int: 14    God:    Nemelex Xobeh [**....]
Gold:   470        SH:  0    Dex: 15    Spells: 9 memorised, 0 levels left

rFire  + . .     SeeInvis .     V - +0 glaive
rCold  . . .     Gourm    .     k - +3 ring mail {rF+}
rNeg   . . .     Faith    .     (shield currently unavailable)
rPois  +         Spirit   .     (no helmet)
rElec  .         Dismiss  +     (no cloak)
rCorr  .         Reflect  .     L - +0 pair of gloves
SustAt +         Harm     .     (no boots)
MR     .....                    b - amulet of dismissal
Stlth  ++........               l - ring of sustain attributes
                                J - ring of poison resistance {rPois, !d}

@: not resistant to hostile enchantments, unstealthy
A: change form in water, swift swim
a: Renounce Religion


You were on level 1 of the Lair of Beasts.
You worshipped Nemelex Xobeh.
Nemelex Xobeh was pleased with you.
You were very hungry.

You visited 3 branches of the dungeon, and saw 13 of its levels.
You also visited: Ossuary.

You collected 470 gold pieces.

Inventory:

Hand Weapons
 E - a +1 halberd
   (You took it off a wight on level 8 of the Dungeon)
 V - a +0 glaive (weapon)
   (You took it off a skeletal warrior on level 10 of the Dungeon)
Missiles
 e - 34 poisoned needles
 n - a throwing net {=f, !d}
 r - a tomahawk (quivered)
Armour
 k - a +3 ring mail of fire resistance (worn)
   (You found it on level 1 of the Dungeon)
 L - a +0 pair of gloves (worn)
   (You found it on level 9 of the Dungeon)
Jewellery
 b - an amulet of dismissal (around neck)
   (You found it on level 10 of the Dungeon)
 h - an uncursed ring of resist corrosion
   (You found it on level 1 of the Dungeon)
 l - a ring of sustain attributes (right hand)
   (You found it on level 1 of the Dungeon)
 J - a ring of poison resistance (left hand) {rPois, !d}
   (You found it on level 9 of the Dungeon)
Wands
 u - a wand of slowing (14/48)
   (You found it on level 6 of the Dungeon)
 z - a wand of iceblast (5/15)
   (You found it on level 7 of the Dungeon)
 N - a wand of polymorph (11/24)
   (You found it on level 10 of the Dungeon)
Scrolls
 f - a scroll of fog
 g - 8 scrolls of remove curse
 i - a scroll of identify
 j - 4 scrolls of teleportation
 o - 3 scrolls of amnesia
 p - 2 scrolls of enchant armour
 q - 5 scrolls of fear
Potions
 a - 2 potions of invisibility
 c - a potion of magic
 m - a potion of cancellation
 s - 2 potions of flight
 t - 5 potions of lignification {!q}
 A - a potion of brilliance
 B - 2 potions of curing
 C - a potion of heal wounds
 D - 4 potions of cure mutation {!q}
 H - a potion of mutation {!q}
Books
 G - a book of Transfigurations
   (You found it on level 7 of the Dungeon)
 I - an Akashic Record
   (You found it on level 10 of the Dungeon)
 K - the Papyrus of Protection
   (You found it on level 9 of the Dungeon)

   Spells                             Type                      Level
   a - Infusion                       Charms                       1
   b - Swiftness                      Charms/Air                   2
   c - Ozocubu's Armour               Charms/Ice                   3
   d - Deflect Missiles               Charms/Air                   6
   e - Ring of Flames                 Charms/Fire                  7
Miscellaneous
 v - a plain deck of summoning {drawn: 5}
   (Nemelex Xobeh gifted it to you on level 5 of the Dungeon)
 w - an ornate deck of summoning {drawn: 3}
   (Nemelex Xobeh gifted it to you on level 6 of the Dungeon)
 y - a legendary deck of destruction
   (Nemelex Xobeh gifted it to you in an ossuary)
 F - a legendary deck of summoning
   (Nemelex Xobeh gifted it to you on level 8 of the Dungeon)
 M - an ornate deck of escape
   (Nemelex Xobeh gifted it to you on level 10 of the Dungeon)
Comestibles
 d - 3 bread rations {@e1}
 x - a beef jerky
 P - a slice of pizza


   Skills:
 - Level 9.1 Fighting
 - Level 12.9 Polearms
 + Level 2.5 Armour
 + Level 10.3 Dodging
 - Level 3.9 Stealth
 - Level 5.4 Spellcasting
 - Level 3.3 Hexes
 - Level 9.8 Charms
 - Level 3.5 Translocations
 - Level 6.3 Invocations


You couldn't memorise any spells.
You knew the following spells:

 Your Spells              Type           Power        Failure   Level  Hunger
a - Infusion              Chrm           ####         1%          1    None
b - Song of Slaying       Chrm           ####....     1%          2    ##.....
c - Shroud of Golubria    Chrm/Tloc      ###.......   3%          2    ##.....
d - Blink                 Tloc           N/A          17%         2    ##.....
o - Repel Missiles        Chrm/Air       ###...       10%         2    ##.....
r - Regeneration          Chrm/Necr      ###.......   17%         3    ###....
s - Swiftness             Chrm/Air       ###.....     10%         2    ##.....
z - Spectral Weapon       Hex/Chrm       ###.....     10%         3    ###....
A - Ozocubu's Armour      Chrm/Ice       ###.....     17%         3    ###....


Dungeon Overview and Level Annotations

Branches:
Dungeon (11/15)            Temple (1/1) D:5            Lair (1/6) D:10
    Orc (0/2) D:11

Altars:
Ashenzari
Cheibriados
Dithmenos
Elyvilon
Fedhas
Gozag
Hepliaklqana
Kikubaaqudgha
Makhleb
Nemelex Xobeh
Okawaru
Pakellas
Qazlal
Ru
Sif Muna
Trog
Uskayaw
Vehumet
Xom
Yredelemnul
Zin
The Shining One

Shops:
D:4 *   D:7 %

Annotations:
D:8 lack of rPois sucks here
D:10 ! need sInv, exclusion: hill giant


Message History

The warg bites you but does no damage.
Warning x2: The orc priest can smite you!
The warg is fast and can hit for moderate damage in melee!
The warg bites you!
You take 7 damage, and have 70/89 hp.
The warg completely misses you.
There is a stone staircase leading up here.
Warning, next level annotated: ! need sInv, exclusion: hill giant Enter next level anyway?
The warg bites you.
You climb upwards.
There is a stone staircase leading down here.
Spoiler Alert: The warg is fast and can hit for moderate damage in melee!
You slice the warg!! The warg barely misses you. The warg bites you!
You take 7 damage, and have 64/89 hp.
You closely miss the warg. The warg bites you.
You take 2 damage, and have 62/89 hp.
You closely miss the warg. The warg bites you.
You take 1 damage, and have 61/89 hp.
Your ring mail prevents you from hitting the warg.
The warg barely misses you. The warg bites you!
Spoiler Alert: The warg is fast and can hit for moderate damage in melee!
You take 10 damage, and have 51/89 hp.
You are too injured to fight recklessly!
You are too injured to fight recklessly!
You are too injured to fight recklessly!
You hit the warg. The warg misses you.
You slash the warg!
You kill the warg!
You start resting.
You are feeling hungry.
You regained 5 hp, and now have 56/89 hp.
You start resting.
Some of the chunks of flesh in your inventory have rotted away.
You regained 15 hp, and now have 71/89 hp.
You start resting.
Health restored: 89 You see here 27 bolts.
There is a staircase to the Lair here.
You climb downwards.
Welcome to the Lair of Beasts!
There is a staircase back to the Dungeon here.
You see here a potion of curing.
You see here a potion of curing.
B - 2 potions of curing (gained 1) Autopickup is now on.
A spiny frog comes into view.
Spoiler Alert: The spiny frog is fast and can hit for high damage in melee!
You slash the spiny frog! The spiny frog closely misses you.
The spiny frog stings you.
All of the chunks of flesh in your inventory have rotted away.
You take 2 damage, and have 87/89 hp.
You slash the spiny frog! The spiny frog barely misses you.
You slash the spiny frog! The spiny frog misses you.
Spoiler Alert: The spiny frog is fast and can hit for high damage in melee!
You closely miss the spiny frog. The spiny frog closely misses you.
You hit the spiny frog. The spiny frog closely misses you.
The spiny frog stings you but does no damage.
You are feeling very hungry.
You slash the spiny frog!
You kill the spiny frog!
You see here a spiny frog corpse.
Health restored: 89 Search for what [Enter for "armo", or ? for help]? shop
g - 8 scrolls of remove curse (gained 1)
You see here a ring mail.
A komodo dragon comes into view.
Spoiler Alert: The komodo dragon (sleeping) can hit for high damage in melee!
Spoiler Alert: The komodo dragon (sleeping) can hit for high damage in melee!
The komodo dragon hisses angrily.
Spoiler Alert: The komodo dragon can hit for high damage in melee!
You hit the komodo dragon but do no damage.
The komodo dragon barely misses you.
You barely miss the komodo dragon. The komodo dragon bites you!!
You take 26 damage, and have 63/89 hp.
MASSIVE DAMAGE!!
You hit the komodo dragon. The komodo dragon barely misses you.
Spoiler Alert: The komodo dragon can hit for high damage in melee!
You hit the komodo dragon. The komodo dragon bites you.
You take 5 damage, and have 58/89 hp.
You barely miss the komodo dragon.
The komodo dragon bites you but does no damage.
You closely miss the komodo dragon. The komodo dragon closely misses you.
You hit the komodo dragon. The komodo dragon bites you!!
Spoiler Alert: The komodo dragon can hit for high damage in melee!
You take 21 damage, and have 37/89 hp.
MASSIVE DAMAGE!!
Okay, then.
Okay, then.
Okay, then.
Unknown command.
Spoiler Alert: The komodo dragon can hit for high damage in melee!
You draw out your weapon's spirit!
The komodo dragon bites you!!
* * * LOW HITPOINT WARNING * * *
You take 30 damage, and have 8/89 hp.
MASSIVE DAMAGE!!
You now have 16/19 mp.
You swap places.
Spoiler Alert: The komodo dragon can hit for high damage in melee!
Magic courses through your body. The komodo dragon bites you!!
You die...
Your body disappears without a glow.

##...............
#................
#................
#...............#
#.............#
#............#
#.....(l.....#
##.....@.....#
#.............
#.#.........#.
#####........#
##[#.......#
##..###..##.#
##..## .8.# .
##...# ....#


You could see a komodo dragon and a friendly spectral glaive.

Vanquished Creatures
  2 skeletal warriors (D:10)
  Pikel (D:6)
  An elephant (D:9)
  A spiny frog (Lair:1)
  A wyvern (D:10)
  8 yaks
  3 soldier ants (D:8)
  A warg (D:10)
  A water moccasin (D:10)
  4 sky beasts
  2 black bears
  2 necrophages
  An orc warrior (D:7)
  A wasp (D:8)
  3 slaves (D:5)
  5 ogres
  3 phantoms
  A crocodile (D:10)
  4 centaurs
  4 giant frogs
  A gnoll sergeant (D:7)
  2 scorpions (D:7)
  14 killer bees
  8 wights
  2 howler monkeys
  4 crimson imps
  A giant frog zombie (D:7)
  5 hounds
  3 giant frog skeletons
  4 jellies
  5 orc priests
  A quasit (D:10)
  4 orc wizards
  2 centaur skeletons (D:4)
  Terence (D:3)
  22 worker ants
  3 iguanas
  A sheep (D:10)
  A hound zombie (D:5)
  2 hound skeletons
  12 mummies (Ossuary)
  4 gnolls (D:8)
  A howler monkey skeleton (D:7)
  15 adders
  4 shadow imps
  An ooze (D:1)
  2 adder skeletons
  An adder zombie (D:6)
  2 worms
  4 dart slugs
  11 giant geckos
  15 orcs
  11 bats
  5 giant cockroaches
  10 goblins
  6 hobgoblins
  11 jackals
  9 quokkas
  A ball python (D:3)
  2 giant gecko skeletons
  7 giant newts
  A gnoll skeleton (Ossuary)
  4 goblin skeletons (Ossuary)
  A jackal zombie (D:6)
  6 kobolds
  2 kobold skeletons (Ossuary)
  An orc skeleton (Ossuary)
  A quokka skeleton (D:4)
  2 quokka zombies (D:7)
  3 rats
  11 rat skeletons (Ossuary)
301 creatures vanquished.

Vanquished Creatures (collateral kills)
  2 skeletal warriors (D:10)
  A hungry ghost (D:10)
  A giant frog (D:7)
  4 killer bees (D:7)
  A jackal (D:10)
9 creatures vanquished.

Vanquished Creatures (others)
  A crimson imp (D:6)
  An orc (D:6)
  A plant (D:11)
  10 spectral weapons
13 creatures vanquished.

Grand Total: 323 creatures vanquished

Notes
Turn   | Place    | Note
--------------------------------------------------------------
     0 | D:1      | packetloss the Merfolk Skald began the quest for the Orb.
     0 | D:1      | Reached XP level 1. HP: 16/16 MP: 3/3
   133 | D:1      | Reached XP level 2. HP: 14/23 MP: 5/5
   144 | D:1      | Upgraded the game from 0.19-a0-749-g66ae36b to 0.19-a0-770-g33a097e
   147 | D:1      | Learned a level 2 spell: Song of Slaying
   150 | D:1      | Learned a level 2 spell: Shroud of Golubria
   427 | D:1      | Reached skill level 2 in Dodging
   569 | D:1      | Reached skill level 4 in Polearms
   688 | D:1      | Reached XP level 3. HP: 23/28 MP: 6/6
  1043 | D:2      | Reached skill level 5 in Polearms
  1073 | D:2      | Found a shattered altar of Ashenzari.
  1427 | D:2      | Reached XP level 4. HP: 29/34 MP: 7/7
  1566 | D:2      | Reached skill level 6 in Polearms
  1815 | D:2      | Reached XP level 5. HP: 33/39 MP: 8/8
  2353 | D:3      | Reached skill level 4 in Charms
  2358 | D:3      | Learned a level 3 spell: Spectral Weapon
  2405 | D:3      | Found a sacrificial altar of Ru.
  2524 | D:3      | Noticed Terence
  2839 | D:3      | Reached skill level 1 in Hexes
  2969 | D:4      | Reached skill level 2 in Hexes
  2984 | D:4      | Reached XP level 6. HP: 45/46 MP: 0/9
  3036 | D:4      | Found Yneumm's Assorted Antiques.
  3052 | D:4      | Reached skill level 3 in Hexes
  3061 | D:4      | HP: 10/46 [iguana (5)]
  3874 | D:5      | Entered Level 5 of the Dungeon
  3879 | D:5      | Reached skill level 6 in Fighting
  3879 | D:5      | Reached skill level 10 in Polearms
  3879 | D:5      | Reached skill level 7 in Dodging
  3879 | D:5      | Reached skill level 5 in Spellcasting
  3879 | D:5      | Reached skill level 7 in Charms
  3879 | D:5      | Reached XP level 7. HP: 59/59 MP: 9/15
  3885 | D:5      | Found a stormy altar of Qazlal.
  3911 | D:5      | Learned a level 3 spell: Regeneration
  3911 | D:5      | Reached skill level 8 in Fighting
  3911 | D:5      | Reached skill level 12 in Polearms
  3911 | D:5      | Reached skill level 9 in Dodging
  3911 | D:5      | Reached skill level 3 in Stealth
  3911 | D:5      | Reached XP level 8. HP: 64/69 MP: 9/16
  4110 | D:3      | Found a sacrificial altar of Ru.
  4181 | D:3      | Killed Terence
  4504 | D:5      | Found an ancient bone altar of Kikubaaqudgha.
  4513 | D:5      | Found a staircase to the Ecumenical Temple.
  4522 | Temple   | Entered the Ecumenical Temple
  4718 | Temple   | Became a worshipper of Nemelex Xobeh the Trickster
  4907 | D:5      | Received a gift from Nemelex Xobeh
  4922 | D:5      | Reached XP level 9. HP: 75/75 MP: 11/17
  4962 | D:5      | Reached skill level 8 in Charms
  5311 | D:5      | Found a glowing silver altar of Zin.
  5616 | D:6      | Reached skill level 1 in Armour
  5676 | D:5      | Found a basalt altar of Yredelemnul.
  5676 | D:5      | Found an opulent altar of Gozag.
  5864 | D:6      | Noticed Pikel
  6235 | D:6      | Received a gift from Nemelex Xobeh
  6337 | D:6      | Killed Pikel
  6337 | D:6      | Reached skill level 2 in Invocations
  6449 | D:6      | Reached * piety under Nemelex Xobeh
  6576 | D:6      | Upgraded the game from 0.19-a0-770-g33a097e to 0.19-a0-791-g6e182cc
  6640 | D:6      | Found a shimmering altar of Xom.
  6758 | D:6      | Reached skill level 3 in Invocations
  7000 | D:7      | Found an opulent altar of Gozag.
  7240 | D:7      | Found a sand-covered staircase.
  7247 | Ossuary  | Entered an ossuary
  7360 | Ossuary  | Reached XP level 10. HP: 82/82 MP: 18/18
  7365 | Ossuary  | Received a gift from Nemelex Xobeh
  7809 | D:7      | Reached skill level 4 in Invocations
  7817 | D:7      | HP: 20/82 [poisoned by a scorpion]
  7823 | D:7      | HP: 16/82 [poisoned by a scorpion]
  7828 | D:7      | HP: 15/82 [poisoned by a scorpion]
  7834 | D:7      | HP: 15/82 [poisoned by a scorpion]
  7842 | D:7      | HP: 14/82 [poisoned by a scorpion]
  8625 | D:7      | Found Witigeut's Food Boutique.
  8739 | D:7      | Learned a level 2 spell: Repel Missiles
  8745 | D:7      | Learned a level 2 spell: Blink
  9068 | D:7      | Reached skill level 5 in Invocations
  9294 | D:7      | HP: 20/81 [killer bee (2)]
  9298 | D:7      | HP: 8/82 [killer bee (6)]
  9301 | D:7      | HP: 3/82 [poisoned by a killer bee]
  9306 | D:7      | HP: 2/82 [poisoned by a killer bee]
  9313 | D:7      | HP: 2/82 [poisoned by a killer bee]
  9321 | D:7      | HP: 2/82 [poisoned by a killer bee]
  9820 | D:8      | Reached ** piety under Nemelex Xobeh
  9941 | D:8      | Reached skill level 6 in Invocations
 10409 | D:8      | Paralysed by a wasp for 2 turns
 10613 | D:8      | Received a gift from Nemelex Xobeh
 11854 | D:8      | Reached skill level 1 in Translocations
 12743 | D:9      | Reached skill level 9 in Charms
 12776 | D:9      | Found a blossoming altar of Fedhas.
 12797 | D:9      | Identified the Papyrus of Protection
 12801 | D:9      | Learned a level 2 spell: Swiftness
 13161 | D:9      | Reached skill level 2 in Translocations
 13161 | D:9      | Reached XP level 11. HP: 80/87 MP: 19/19
 13162 | D:9      | Found a burning altar of Makhleb.
 13250 | D:10     | Entered Level 10 of the Dungeon
 13524 | D:10     | Found a staircase to the Lair.
 13543 | D:10     | Received a gift from Nemelex Xobeh
 13621 | D:10     | Noticed a skeletal warrior
 13669 | D:10     | Reached skill level 3 in Translocations
 14052 | D:10     | HP: 17/87 [killer bee (8)]
 14064 | D:10     | HP: 15/87 [killer bee (2)]
 14069 | D:10     | HP: 13/87 [poisoned by a killer bee]
 14075 | D:10     | HP: 9/87 [poisoned by a killer bee]
 14081 | D:9      | HP: 8/87 [poisoned by a killer bee]
 14088 | D:9      | HP: 8/87 [poisoned by a killer bee]
 14096 | D:9      | HP: 7/87 [poisoned by a killer bee]
 14466 | D:10     | Noticed a hill giant
 14823 | D:10     | Noticed a skeletal warrior
 15054 | D:10     | Noticed a skeletal warrior
 15058 | D:10     | Killed a skeletal warrior
 15075 | D:10     | Killed a skeletal warrior
 15082 | D:10     | Killed a skeletal warrior
 15082 | D:10     | Reached skill level 9 in Fighting
 15097 | D:10     | Noticed a skeletal warrior
 15331 | D:9      | Learned a level 3 spell: Ozocubu's Armour
 15832 | D:10     | Reached skill level 10 in Dodging
 15835 | D:10     | Killed a skeletal warrior
 15835 | D:10     | Reached skill level 2 in Armour
 16169 | D:11     | Found a staircase to the Orcish Mines.
 16391 | Lair:1   | Entered Level 1 of the Lair of Beasts
 16453 | Lair:1   | HP: 8/89 [komodo dragon (30)]
 16455 | Lair:1   | Demolished by a komodo dragon

Vault maps used:
D:1:      eino_arrival_cavern_d
D:2:      nicolae_overflow_crystal_walls, kennysheep_generic_room_11
D:3:      hangedman_ru_absence, lemuel_old_faithful, uniq_terence
D:4:      first_bread, serial_shops, nicolae_shop_waterfront
D:5:      old_standard_altar, nicolae_overflow_hidden_temple
D:6:      basic_altar, roderic_roman_lattice, uniq_pikel
D:7:      enter_ossuary_4, serial_shops, kennysheep_mini, grunt_gozag_statues
D:8:      old_forge, hangedman_pestilent_swarm, minmay_another_anthill
D:9:      fedhas_altar_2, marbit_many_paths
D:10:     david_lair_generic
D:11:     erik_orc_4, serial_bayou, serial_bayou_lagoon_b, serial_bayou_pond_c,
          serial_bayou_pond_a, serial_bayou_ford_a
Temple:   nicolae_temple_figure_eight
Lair:1:   grunt_megastairs_1, uniq_gastronok
Ossuary:  ossuary_due_small_catacomb

Skill      XL: |  1  2  3  4  5  6  7  8  9 10 11 |
---------------+----------------------------------+-----
Dodging        | 2 7 9 10 | 10.3
Polearms       | 4 5 6 10 12 | 12.9
Charms         | 4 7 8 9 |  9.8
Hexes          | 2 3 |  3.3
Fighting       | 6 8 9 |  9.1
Spellcasting   | 5 |  5.4
Stealth        | 3 |  3.9
Armour         | 1 2 |  2.5
Invocations    | 3 6 |  6.3
Translocations | 2 3 |  3.5

Action                   |  1- 3 |  4- 6 |  7- 9 | 10-12 || total
-------------------------+-------+-------+-------+-------++-------
Melee: Spear             |   160 |   265 |   402 |       ||   827
       Halberd           |       |       |    47 |   719 ||   766
       Glaive            |       |       |       |    67 ||    67
       Tailslap          |       |       |       |     1 ||     1
Throw: Tomahawk          |       |       |     5 |     9 ||    14
 Cast: Infusion          |       |     5 |    10 |     3 ||    18
       Song of Slaying   |       |     1 |       |     1 ||     2
       Spectral Weapon   |       |       |     8 |    12 ||    20
       Shroud of Golubri |       |       |     3 |       ||     3
       Repel Missiles    |       |       |       |     4 ||     4
       Regeneration      |       |       |       |     2 ||     2
Evoke: Deck              |       |       |       |     8 ||     8
  Use: Scroll            |       |     6 |     3 |    19 ||    28
       Potion            |       |     1 |     1 |     3 ||     5
 Stab: Sleeping          |       |       |     6 |    11 ||    17
       Distracted        |       |       |     1 |     2 ||     3
  Eat: Chunk             |     1 |     9 |    12 |     9 ||    31
       Meat ration       |       |       |       |     2 ||     2
       Pizza             |       |       |       |     2 ||     2
       Royal jelly       |       |       |       |     1 ||     1
       Beef jerky        |       |       |       |     1 ||     1
       Bread ration      |       |       |       |     1 ||     1
Armor: Leather armour    |    15 |       |       |       ||    15
       Ring mail         |     7 |    73 |    58 |   152 ||   290
Dodge: Dodged            |    71 |   110 |   138 |   435 ||   754
       Deflected         |       |       |       |     8 ||     8

Vault maps used:
D:1:      eino_arrival_cavern_d
D:2:      nicolae_overflow_crystal_walls, kennysheep_generic_room_11
D:3:      hangedman_ru_absence, lemuel_old_faithful, uniq_terence
D:4:      first_bread, serial_shops, nicolae_shop_waterfront
D:5:      old_standard_altar, nicolae_overflow_hidden_temple
D:6:      basic_altar, roderic_roman_lattice, uniq_pikel
D:7:      enter_ossuary_4, serial_shops, kennysheep_mini, grunt_gozag_statues
D:8:      old_forge, hangedman_pestilent_swarm, minmay_another_anthill
D:9:      fedhas_altar_2, marbit_many_paths
D:10:     david_lair_generic
D:11:     erik_orc_4, serial_bayou, serial_bayou_lagoon_b, serial_bayou_pond_c,
          serial_bayou_pond_a, serial_bayou_ford_a
Temple:   nicolae_temple_figure_eight
Lair:1:   grunt_megastairs_1, uniq_gastronok
Ossuary:  ossuary_due_small_catacomb

Table legend:
 A = Turns spent in this place as a percentage of turns spent in the entire game.
 B = Non-inter-level travel turns spent in this place as a percentage of non-inter-level travel turns spent in the entire game.
 C = Inter-level travel turns spent in this place as a percentage of turns spent in this place.
 D = Turns resting spent in this place as a percentage of non-inter-level travel turns spent in this place.
 E = Turns spent auto-exploring this place as a percentage of non-inter-level travel turns spent in this place.
 F = Non-inter-level travel turns spent in this place divided by the number of levels of this place that you've seen.
                   A       B       C       D       E      F
               +-------+-------+-------+-------+-------+----------------------
         Total | 100.0 | 100.0 |   0.4 |   2.2 |   1.2 | 557.9
       Dungeon |  94.5 |  94.5 |   0.4 |   2.1 |   1.1 | 670.7
        Temple |   1.0 |   0.9 |   2.7 |   8.2 |  21.9 |  73.0
          Lair |   0.9 |   0.9 |   0.0 |   0.0 |   0.0 |  71.0
       Ossuary |   3.7 |   3.7 |   0.0 |   3.1 |   0.3 | 289.0
               +-------+-------+-------+-------+-------+----------------------

Table legend:
 A = Kills in this place as a percentage of kills in entire the game.
 B = Kills by you in this place as a percentage of kills by you in the entire game.
 C = Kills by friends in this place as a percentage of kills by friends in the entire game.
 D = Other kills in this place as a percentage of other kills in the entire game.
 E = Experience gained in this place as a percentage of experience gained in the entire game.
 F = Experience gained in this place divided by the number of levels of this place that you have seen.
                   A       B       C       D       E      F
               +-------+-------+-------+-------+-------+----------------------
         Total | 100.0 | 100.0 | 100.0 |  -nan | 100.0 | 1022.0
       Dungeon |  88.9 |  88.6 | 100.0 |  -nan |  94.6 | 1231.0
        Temple |   0.7 |   0.7 |   0.0 |  -nan |   0.6 |  83.0
          Lair |   0.3 |   0.3 |   0.0 |  -nan |   3.2 | 453.0
       Ossuary |  10.1 |  10.4 |   0.0 |  -nan |   1.6 | 231.0
               +-------+-------+-------+-------+-------+----------------------
